 Dungeon Crawl Stone Soup version 0.32-a0-791-gfc315c9ecd (webtiles) character file.

Game seed: 13376751168467832068

76 ezpacito the Trooper (level 4, 0/35 HPs)
             Began as a Coglin Chaos Knight on Mar 20, 2024.
             Was a Plaything of Xom.
             Slain by a gnoll
             ... wielding a +0 flail
              (10 damage)
             ... on level 2 of the Dungeon.
             The game lasted 00:03:23 (1230 turns).

ezpacito the Trooper (Coglin Chaos Knight)          Turns: 1230, Time: 00:03:24

Health: 0/35       AC:  5    Str: 14    XL:     4   Next: 32%
Magic:  4/4        EV: 10    Int: 11    God:    Xom [..*...]
Gold:   60         SH:  0    Dex: 14    Spells: 4/4 levels left

rFire   . . .        a - +0 hand axe (chaos) {Lin}
rCold   . . .        d - +0 dagger {Yeongsuk}
rNeg    . . .        b - +2 leather armour
rPois   .            (no helmet)
rElec   .            (no cloak)
rCorr   .            (no gloves)
SInv    .            (no boots)
Will    .....        (amulet unavailable)
Stlth   +            (ring unavailable)
HPRegen 0.25/turn    (ring unavailable)
MPRegen 0.09/turn    (no gizmo)

%: no passive effects
@: revved
A: off-hand wielding, slow wielding, warmup strikes, no jewellery
a: Invent Gizmo, Renounce Religion


You were on level 2 of the Dungeon.
You worshipped Xom.
You were a toy of Xom.
You visited 1 branch of the dungeon, and saw 2 of its levels.

You collected 60 gold pieces.

Inventory:

Hand Weapons
 a - a +0 hand axe of chaos (weapon) {Lin}
 d - a +0 dagger (offhand) {Yeongsuk}
Missiles
 i - 6 javelins (quivered)
Armour
 b - a +2 leather armour (worn)
Scrolls
 c - 2 scrolls of butterflies
 e - a scroll of fog {unknown}
 f - a scroll of fear {unknown}
 g - a scroll of teleportation {unknown}


   Skills:
 * Level 3.4 Fighting
 * Level 3.3(3.5) Axes
 + Level 1.0(2.2) Polearms
 * Level 2.4 Armour
 * Level 1.3 Dodging
 + Level 0.6 Stealth
 + Level 0.5 Spellcasting


You had 4 spell levels left.
You didn't know any spells.
Your spell library was empty.

Dungeon Overview and Level Annotations

Branches:
Dungeon (2/15)

Altars:

Annotations:
D:2 1 runed translucent door, Crazy Yiuf


Innate Abilities, Weirdness & Mutations

You can wield a second weapon in your off-hand.
It takes a long time for you to wield or remove held weapons.
Your first few attacks do less damage.
You cannot equip rings or amulets.


Message History

a +0 spear; a gnoll corpse You hit the gnoll but do no damage.
You barely miss the gnoll with your +0 hand axe of chaos.
You hit the ribbon worm with your +0 hand axe of chaos.
You freeze the ribbon worm. You hit the gnoll with your +0 dagger.
The gnoll hits you but does no damage. The gnoll completely misses you.
The ribbon worm expels a string of sticky webbing.
The stream of webbing hits you but does no damage.
You are caught in a web!
The web tears apart.
The gnoll closely misses you. x2
The ribbon worm bites you but does no damage.
You hit the gnoll with your +0 hand axe of chaos.
You burn the gnoll.
The gnoll is moderately wounded.
You hit the gnoll but do no damage.
The gnoll is poisoned.
You hit the ribbon worm with your +0 hand axe of chaos.
You freeze the ribbon worm.
You closely miss the gnoll with your +0 dagger.
The gnoll hits you with a +0 flail! The gnoll barely misses you.
You take 8 damage, and have 15/35 hp.
MASSIVE DAMAGE!!
You barely miss the gnoll with your +0 dagger.
The gnoll is moderately wounded.
You completely miss the gnoll with your +0 hand axe of chaos.
You hit the gnoll but do no damage.
You hit the ribbon worm but do no damage.
The ribbon worm is poisoned.
The gnoll misses you. The gnoll closely misses you. The ribbon worm bites you.
You take 4 damage, and have 11/35 hp.
You hit the gnoll with your +0 hand axe of chaos.
The gnoll is poisoned.
The gnoll is severely wounded.
You hit the ribbon worm but do no damage.
The ribbon worm looks as sick as possible!
You hit the gnoll with your +0 hand axe of chaos.
You burn the gnoll. You hit the gnoll with your +0 dagger.
The gnoll hits you with a +0 spear.
* * * LOW HITPOINT WARNING * * *
The gnoll hits you with a +0 flail!
You die... "Boring in life, boring in death..."

#.....(..###.
#.......##.######.....
#.......##. #.....
#.......##. #..._.
#.....?.##.#######....
#.......+.>..)........
#.......##.#).†.....##
#.......+....#####..##
#....@w)###..## #..##
#...gg........# #....
#####+#.?.....# ##.#.
#........... .##
+....!...... .##
#.........## #
#######...# ####


You could see a ribbon worm (extremely poisoned, catching breath) and 2 gnolls.

Vanquished Creatures
  A gnoll (D:2)
  An adder (D:2)
  A ribbon worm (D:2)
  A dart slug (D:2)
  2 ball pythons (D:1)
  5 endoplasms
  2 giant cockroaches (D:1)
  6 goblins
  7 hobgoblins (D:1)
  5 kobolds
  2 quokkas
  5 bats
  2 frilled lizards
  6 rats
46 creatures vanquished.

Notes
Turn   | Place    | Note
-------+----------+-------------------------------------------
     0 | D:1      | ezpacito the Coglin Chaos Knight began the quest for the
                  | Orb.
     0 | D:1      | Reached XP level 1. HP: 18/18 MP: 1/1
    58 | D:1      | Reached skill level 1 in Dodging
   101 | D:1      | Reached XP level 2. HP: 24/24 MP: 2/2
   378 | D:1      | Reached XP level 3. HP: 29/29 MP: 3/3
   470 | D:1      | XOM: divination: detect creatures
   909 | D:2      | Reached skill level 1 in Polearms
   967 | D:2      | Found a runed translucent door.
   968 | D:2      | Noticed Crazy Yiuf
  1064 | D:2      | Reached XP level 4. HP: 26/35 MP: 4/4
  1068 | D:2      | XOM: silly message
  1164 | D:2      | Found a faded altar of an unknown god.
  1230 | D:2      | Slain by a gnoll

Illustrated notes

Levels and vault maps discovered:
D:1:      evilmike_arrival_rings, layout_basic, minmay_ruptured
D:2:      layout_basic, ebering_ecumenical_altar_sacrificial,
          uniq_crazy_yiuf_cottage

Skill      XL: |  1  2  3 |
---------------+----------+-----
Dodging        | 1 |  1.3
Armour         | 2 |  2.4
Polearms       | 1 |  1.0
Fighting       | |  3.4
Axes           | |  3.3
Stealth        | |  0.6
Spellcasting   | |  0.5

Action                     |  1- 3 |  4- 6 || total
---------------------------+-------+-------++-------
  Melee: Hand axe          |    81 |    19 ||   100
         Dagger            |    77 |    16 ||    93
    Use: Potion            |       |     1 ||     1
   Stab: Confused          |     1 |       ||     1
 Armour: Leather armour    |    50 |    24 ||    74
  Dodge: Dodged            |    47 |    22 ||    69

Table legend: (Time is in decaauts)
 A = Elapsed time spent in this place.
 B = Non-inter-level travel time spent in this place.
 C = Inter-level travel time spent in this place.
 D = Time resting spent in this place.
 E = Time spent auto-exploring this place.
 F = Levels seen in this place.
 G = Mean time per level.
                   A        B        C        D        E       F      G
               +--------+--------+--------+--------+--------+-----+--------+
         Total |   1236 |   1218 |     18 |      0 |    974 |   2 |  618.0 |
       Dungeon |   1236 |   1218 |     18 |      0 |    974 |   2 |  618.0 |
               +--------+--------+--------+--------+--------+-----+--------+

Top non-repeatable levels by time:
     D:1: 805 daAuts
     D:2: 430 daAuts
